 Dungeon Crawl Stone Soup version 0.29.1-15-g9cfb28693d (webtiles) character file.

Game seed: 3400799581205026973

2940 Descartes the Geomancer (level 10, 0/78 (94) HPs)
             Began as a Formicid Earth Elementalist on Mar 21, 2023.
             Was an Initiate of Gozag.
             Slain by a troll (2 damage)
             ... on level 7 of the Dungeon.
             The game lasted 00:21:24 (10001 turns).

Descartes the Geomancer (FoEE)                     Turns: 10001, Time: 00:21:25

HP:   0/78 (94)     AC: 25    Str: 13    XL:     10   Next: 7%
MP:   20/20         EV:  2    Int: 19    God:    Gozag
Gold: 627           SH:  0    Dex: 14    Spells: 14/22 levels left

rFire   . . .      SeeInvis .   b - +2 dagger (elec)
rCold   . . .      Faith    .   (no shield)
rNeg    . . .      Spirit   .   (body armour currently unavailable)
rPois   +          Reflect  .   (helmet unavailable)
rElec   .          Harm     .   (cloak currently unavailable)
rCorr   +          Rampage  .   (gloves currently unavailable)
Will    +....                   (boots currently unavailable)
Stlth   ++........              (no amulet)
HPRegen 0.23/turn               E - ring of resist corrosion
MPRegen 0.17/turn               (no ring)

@: tree-form, heavily drained
A: stationary, stasis, torment immunity, boosted hp, permanent stasis, dig
shafts and tunnels, (antennae 3), four strong arms
a: Renounce Religion, Potion Petition, Call Merchant, Bribe Branch


You were on level 7 of the Dungeon.
You worshipped Gozag.
Gozag was pleased with you.
You were a tree.
You visited 2 branches of the dungeon, and saw 8 of its levels.

You collected 706 gold pieces.
You paid 79 gold pieces to Gozag.

Inventory:

Hand Weapons
 a - a +2 sling of freezing
 b - a +2 dagger of electrocution (weapon)
 i - a +1 whip of flaming
 B - a +0 falchion of holy wrath
 D - a +1 dagger of draining
Missiles
 l - 5 javelins
 y - 3 boomerangs
 z - 24 poisoned darts
 H - a throwing net
Armour
 n - a +0 pair of boots (melded)
 q - a +0 plate armour
 r - a +0 cloak (melded)
 s - a +0 ring mail (melded)
 w - the +1 Delatra's gloves (melded) {ID++}
   (You found it on level 3 of the Dungeon)

   It heals its wearer when they drink unknown potions.
   It restores its wearer's MP when they read unknown scrolls.
Jewellery
 E - a ring of resist corrosion (left branch)
Scrolls
 c - a scroll of blinking {unknown}
 e - 2 scrolls of magic mapping {unknown}
 h - 4 scrolls of teleportation {unknown}
 j - a scroll of summoning {unknown}
 o - a scroll of fear {unknown}
 p - 3 scrolls of identify {unknown}
 t - a scroll of amnesia {unknown}
 u - a scroll of noise {unknown}
 v - a scroll of acquirement {unknown}
 A - 2 scrolls of silence {unknown}
 F - 2 scrolls of fog {unknown}
 I - a scroll of vulnerability {unknown}
Potions
 d - 3 potions of curing
 f - a potion of resistance
 k - 2 potions of degeneration
 m - 2 potions of heal wounds
 C - a potion of magic
 G - a potion of brilliance {unknown}


   Skills:
 + Level 6.6 Armour
 - Level 2.4 Dodging
 - Level 3.4 Stealth
 + Level 6.9 Spellcasting
 + Level 7.2 Transmutations
 + Level 8.7 Earth Magic


You had 14 spell levels left.
You knew the following spells:

 Your Spells              Type           Power      Damage    Failure   Level
a - Sandblast             Erth           78%        2d17      1%          1
b - Passwall              Tmut/Erth      30%        N/A       1%          2
c - Lee's Rapid Deconstr  Erth           19%        3d12*     8%          5

Your spell library contained the following spells:

 Spells                   Type           Power      Damage    Failure   Level
 Sting                    Tmut/Pois      80%        1d7       2%          1
 Petrify                  Tmut/Erth      36%        N/A       3%          4
 Stone Arrow              Conj/Erth      46%        3d9       4%          3
 Necrotise                Necr           24%        1d5       11%         1
 Poisonous Vapours        Pois/Air       12%        N/A       16%         2
 Leda's Liquefaction      Hex/Erth       11%        N/A       17%         4
 Ice Form                 Ice/Tmut       20%        N/A       22%         4
 Call Canine Familiar     Summ           6%         N/A       30%         3
 Frozen Ramparts          Ice            12%        1d2       30%         3
 Portal Projectile        Hex/Tloc       12%        N/A       30%         3
 Vampiric Draining        Necr           6%         2d6       30%         3
 Statue Form              Tmut/Erth      24%        N/A       52%         6
 Airstrike                Air            3%         2d(1-17)  71%         4
 Olgreb's Toxic Radiance  Pois           6%         N/A       71%         4
 Summon Ice Beast         Ice/Summ       6%         N/A       71%         4
 Summon Lightning Spire   Summ/Air       6%         N/A       71%         4
 Agony                    Necr           6%         N/A       96%         5
 Lightning Bolt           Conj/Air       3%         1d14      96%         5


Dungeon Overview and Level Annotations

Branches:
Dungeon (7/15)             Temple (1/1) D:5

Altars:
Ashenzari
Dithmenos
Elyvilon
Fedhas
Gozag
Hepliaklqana
Kikubaaqudgha
Makhleb
Nemelex Xobeh
Okawaru
Qazlal
Ru
Sif Muna
Trog
Vehumet
Wu Jian
Xom
Yredelemnul
Zin
The Shining One

Annotations:
D:3 Henri's ghost, amateur OpVM


Innate Abilities, Weirdness & Mutations

You are a tree.
Your roots penetrate the ground, keeping you stationary.
You cannot be teleported.
You are immune to unholy pain and torment.
Your maximum health is greatly increased.
Your equipment is partially melded.
You cannot be hasted, slowed, berserked, paralysed or teleported.
You can dig through walls and to a lower floor.
((You have a pair of large antennae on your head. (SInv)))
Your four strong arms can wield two-handed weapons with a shield.


Message History

The troll is lightly wounded.
The troll barely misses you. The troll claws you. The troll claws you!
* * * LOW HITPOINT WARNING * * *
It was a potion of lignification.
You turn into a tree.
Your +0 cloak melds into your body.
The +1 Delatra's gloves {ID++} melds into your body.
Your +0 pair of boots melds into your body.
Your +0 ring mail melds into your body.
Your roots penetrate the ground.
The energy of discovery flows from your fingertips!
You feel much better. The troll bites you!
The troll claws you but does no damage. x2
You barely miss the troll. The troll bites you but does no damage.
The troll claws you but does no damage. The troll barely misses you.
You hit the troll. Lightning courses through the troll!
The troll is heavily wounded.
The troll bites you!
* * * LOW HITPOINT WARNING * * *
The troll claws you.
* * * LOW HITPOINT WARNING * * *
The troll claws you but does no damage.
It was a potion of heal wounds.
You feel much better. The troll bites you but does no damage.
The troll claws you but does no damage. The troll claws you!
* * * LOW HITPOINT WARNING * * *
You closely miss the troll.
The troll is moderately wounded.
The troll bites you but does no damage. The troll claws you!
* * * LOW HITPOINT WARNING * * *
The troll claws you but does no damage.
You hit the troll.
The troll is heavily wounded.
The troll bites you.
* * * LOW HITPOINT WARNING * * *
The troll claws you but does no damage. The troll claws you.
* * * LOW HITPOINT WARNING * * *
It was a potion of berserk rage.
Your stasis prevents you from going berserk.
The troll bites you but does no damage. The troll claws you.
You die...
Your body crumbles into a pile of gold.

.....######.##
#..#..............
#...........#
#..#.#.#######..##
#.#..#####..# #..#.###
#.... ..##.# #..# ####.#
{ #.### .###.# #..# #.#{
.# #.# # .# #.#
#..#######.####H.# #.# #
.###.#
#..........#..K#####.###
.....#
#.########{.{..#........
.##### #.#
#♣#{.#{.{###...### .#
#.# ##T#.####{.##### )#
#.# ###.# .# .# ###.#
#.# .# #...# ###
.#######.### .........#
#######..# # #..#


You could see a troll.

Vanquished Creatures
  Pikel (D:5)
  A water moccasin (D:6)
  An orc warrior (D:7)
  A sky beast (D:7)
  A black bear (D:3)
  A centaur (D:7)
  2 phantoms
  A kobold brigand (D:7)
  A bullfrog (D:5)
  Blork the orc (D:4)
  A gnoll sergeant (D:6)
  2 necrophages
  3 scorpions
  4 killer bees
  2 howler monkeys
  8 hounds
  A jelly (D:5)
  2 gnoll boudas
  6 orc priests
  An iguana (D:5)
  7 orc wizards
  Robin (D:3)
  13 gnolls
  4 adders
  A shadow imp (D:3)
  A white imp (D:7)
  An ufetubus (D:6)
  4 worms
  3 dart slugs
  20 orcs
  10 ball pythons
  8 bats
  9 endoplasms
  8 giant cockroaches
  11 hobgoblins
  11 jackals
  4 quokkas
  4 frilled lizards
  17 goblins
  10 kobolds
  4 rats
192 creatures vanquished.

Notes
Turn   | Place    | Note
-------+----------+-------------------------------------------
     0 | D:1      | Descartes the Formicid Earth Elementalist began the quest
                  | for the Orb.
     0 | D:1      | Reached XP level 1. HP: 13/13 MP: 3/3
    68 | D:1      | Reached XP level 2. HP: 19/19 MP: 3/5
   360 | D:1      | Reached XP level 3. HP: 24/24 MP: 1/6
   515 | D:1      | Reached skill level 4 in Earth Magic
   810 | D:1      | Found a faded altar of an unknown god.
  1039 | D:2      | Reached XP level 4. HP: 28/30 MP: 5/8
  1926 | D:2      | Found a broken altar of Ashenzari.
  2122 | D:3      | Noticed a black bear
  2128 | D:3      | Killed a black bear
  2129 | D:3      | Reached skill level 1 in Armour
  2129 | D:3      | Reached XP level 5. HP: 20/35 MP: 1/9
  2308 | D:3      | Reached XP level 6. HP: 41/41 MP: 8/10
  2504 | D:3      | Found the +1 Delatra's gloves {ID++}
  2620 | D:3      | Reached skill level 5 in Earth Magic
  3124 | D:3      | Found a transporter.
  3125 | D:3      | Found a transporter.
  3125 | D:3      | Noticed Henri's ghost (amateur OpVM)
  3126 | D:3      | Noticed an ogre
  3127 | D:3      | Noticed an ogre
  3691 | D:4      | Noticed Robin
  3842 | D:3      | Killed Robin
  3843 | D:3      | Reached XP level 7. HP: 45/45 MP: 9/12
  4025 | D:4      | Found an iron altar of Okawaru.
  4385 | D:5      | Entered Level 5 of the Dungeon
  4390 | D:5      | Noticed Blork the orc
  4409 | D:4      | Killed Blork the orc
  4472 | D:5      | Noticed Pikel
  4513 | D:5      | Killed Pikel
  4514 | D:5      | Reached skill level 6 in Earth Magic
  4514 | D:5      | Reached XP level 8. HP: 18/52 MP: 13/15
  4960 | D:5      | Reached skill level 5 in Spellcasting
  4974 | D:5      | Reached skill level 5 in Transmutations
  5236 | D:5      | Reached skill level 7 in Earth Magic
  5250 | D:5      | Reached XP level 9. HP: 14/57 MP: 17/17
  5488 | D:5      | Reached skill level 5 in Armour
  5521 | D:5      | Learned a level 2 spell: Passwall
  5522 | D:5      | Found a staircase to the Ecumenical Temple.
  5535 | Temple   | Entered the Ecumenical Temple
  5829 | Temple   | Became a worshipper of Gozag Ym Sagoz the Greedy
  7811 | D:6      | Found a white marble altar of Elyvilon.
  7876 | D:5      | Reached skill level 8 in Earth Magic
  9388 | D:7      | Reached XP level 10. HP: 43/62 MP: 20/20
  9496 | D:7      | Learned a level 5 spell: Lee's Rapid Deconstruction
  9982 | D:7      | Noticed a manticore
  9985 | D:7      | Noticed a kobold demonologist
 10000 | D:7      | HP: 2/78 [troll (2)]
 10001 | D:7      | Slain by a troll

Illustrated notes

Levels and vault maps discovered:
D:1:      onia_arrival_pyramid, layout_loops_cross, basic_ecumenical_altar,
          st_stairs_13
D:2:      cheibrodos_helix_gallery, layout_loops_ring, basic_altar
D:3:      layout_basic, gammafunk_ghost_smash, serial_curves, eino_curves_03,
          eino_curves_02, pf_guarded_unrand_delatra
D:4:      layout_cave_pools, okawaru_gym_becter, uniq_robin
D:5:      layout_basic, minmay_temple_entry_stoned_glass, uniq_blork_the_orc,
          uniq_pikel
D:6:      layout_loops_corners, nicolae_elyvilon_peaceful_grove,
          minmay_misc_feat_four_crosses
D:7:      minmay_blocky_corners, layout_loops_ring, serial_glass,
          glass_columns_b, glass_columns_c
Temple:   regret_index_temple_mists

Skill      XL: |  1  2  3  4  5  6  7  8  9 |
---------------+----------------------------+-----
Dodging        | 2 |  2.4
Stealth        | 3 |  3.4
Earth Magic    | 4 5 6 7 8 |  8.7
Transmutations | 2 3 4 5 7 |  7.2
Armour         | 1 2 4 6 |  6.6
Spellcasting   | 3 4 5 6 |  6.9

Action                   |  1- 3 |  4- 6 |  7- 9 | 10-12 || total
-------------------------+-------+-------+-------+-------++-------
Melee: Unarmed           |     3 |       |       |       ||     3
       Dagger            |       |     1 |   486 |    71 ||   558
       Punch             |       |       |    13 |       ||    13
 Fire: Sling             |       |    35 |    65 |       ||   100
 Cast: Sandblast         |    47 |    85 |     8 |       ||   140
 Abil: Dig               |       |     1 |     4 |     2 ||     7
  Use: Potion            |       |       |     3 |     3 ||     6
 Stab: Sleeping          |       |       |     2 |       ||     2
       Distracted        |       |       |     1 |       ||     1
Armor: Robe              |     2 |       |       |       ||     2
       Leather armour    |       |     6 |       |       ||     6
       Ring mail         |       |    28 |   240 |    28 ||   296
       Skin              |       |       |       |    11 ||    11
Dodge: Dodged            |    13 |    40 |   299 |    20 ||   372
